 Dungeon Crawl Stone Soup version 0.20.1-1-g8b1a95d (webtiles) character file.

26553 RKaid the Merchant of Misery (level 12, -10/100 HPs)
             Began as a Mummy Necromancer on July 15, 2017.
             Was a Believer of Kikubaaqudgha.
             Mangled by a spriggan rider
             ... wielding a +0 spear
              (16 damage)
             ... on level 6 of the Lair of Beasts on July 16, 2017.
             The game lasted 03:09:23 (28669 turns).

RKaid the Merchant of Misery (Mummy Necromancer)   Turns: 28669, Time: 03:09:24

Health: -10/100    AC: 13    Str: 11    XL:     12   Next: 99%
Magic:  1/26       EV: 13    Int: 24    God:    Kikubaaqudgha [**....]
Gold:   1634       SH: 10    Dex: 12    Spells: 14/31 levels left

rFire    x . .     SeeInvis .   a - +7 spear of a labyrinth {vamp, rPois rN+ Int+4}
rCold    + + .     Gourm    .   A - +0 shield
rNeg     + + +     Faith    .   H - +2 robe {MR+}
rPois    ∞         Spirit   .   (no helmet)
rElec    +         Reflect  .   t - +0 cloak
rCorr    .         Harm     .   z - +0 pair of gloves
MR       ++...                  k - +2 pair of boots
Stlth    ++........             s - amulet of Afolonnyt {rElec rPois rC+ Regen+}
Regen    0.7/turn               i - +2 ring of protection
MPRegen  0.2/turn               f - +2 ring of protection

@: about to teleport
A: no food or potions, fire vulnerability, cold resistance 1, negative energy
resistance 3, torment resistance, unbreathing
a: Receive Corpses, Renounce Religion


You were on level 6 of the Lair of Beasts.
You worshipped Kikubaaqudgha.
Kikubaaqudgha was pleased with you.
You were not hungry.

You visited 4 branches of the dungeon, and saw 20 of its levels.

You collected 1634 gold pieces.

Inventory:

Hand Weapons
 a - the +7 spear of a labyrinth (weapon) {vamp, rPois rN+ Int+4}
   (You found it on level 10 of the Dungeon)

   It inflicts no extra harm, but heals its wielder when it wounds a living foe.
   It affects your intelligence (+4).
   It protects you from poison.
   It protects you from negative energy.
 b - a +0 blowgun
   (You took it off a kobold on level 4 of the Dungeon)
 q - a +2 trident of protection
   (You took it off an orc on level 10 of the Dungeon)
 w - a +0 hunting sling
   (You found it on level 2 of the Dungeon)
 G - a +4 long sword
   (You took it off a wight on level 9 of the Dungeon)
 R - a cursed +0 falchion
   (You found it on level 11 of the Dungeon)
Missiles
 c - 3 javelins (quivered)
 e - 12 tomahawks
 j - 162 sling bullets
 r - 8 curare-tipped needles
 B - 5 poisoned javelins
 S - 24 poisoned needles
Armour
 k - a +2 pair of boots (worn)
   (You found it on level 4 of the Dungeon)
 t - a +0 cloak (worn)
   (You found it on level 6 of the Dungeon)
 z - a +0 pair of gloves (worn)
   (You found it on level 7 of the Dungeon)
 A - a +0 shield (worn)
   (You found it on level 4 of the Lair of Beasts)
 H - a +2 robe of magic resistance (worn)
   (You took it off a wight on level 9 of the Dungeon)
 P - +0 acid dragon scales
   (You found it on level 10 of the Dungeon)
Magical Staves
 I - an uncursed staff of air {rElec}
   (You found it on level 8 of the Dungeon)
Jewellery
 f - a +2 ring of protection (right hand)
   (You found it on level 10 of the Dungeon)
 i - a +2 ring of protection (left hand)
   (You found it on level 5 of the Lair of Beasts)
 s - the amulet of Afolonnyt (around neck) {rElec rPois rC+ Regen+}
   (You found it on level 10 of the Dungeon)

   [amulet of regeneration]

   It protects you from cold.
   It insulates you from electricity.
   It protects you from poison.
   It increases your rate of regeneration.
 F - an uncursed ring of fire {rF+, rC-}
   (You took it off a wight on level 9 of the Dungeon)
 L - an uncursed ring of protection from cold {rC+}
   (You found it on level 1 of the Lair of Beasts)
 O - an uncursed ring of flight {+Fly}
   (You found it on level 11 of the Dungeon)
Wands
 d - a wand of polymorph (17/24)
   (You found it on level 10 of the Dungeon)
 m - a wand of paralysis (6/24)
   (You found it on level 3 of the Lair of Beasts)
 p - a wand of iceblast (0/15)
   (You found it on level 8 of the Dungeon)
 y - a wand of digging (10/24)
   (You found it on level 7 of the Dungeon)
 D - a wand of digging (0/24)
   (You found it on level 2 of the Dungeon)
 J - a wand of flame (10/48)
   (You found it on level 9 of the Dungeon)
 K - a wand of paralysis (4/24)
   (You found it on level 10 of the Dungeon)
Scrolls
 h - a scroll of recharging
 l - 6 scrolls of immolation {!r}
 n - a scroll of fog
 o - 4 scrolls of remove curse
 u - 3 scrolls of silence
 v - 4 scrolls of amnesia
 E - 6 scrolls of teleportation
 M - a scroll of enchant weapon {unknown}
 Q - a scroll of enchant armour
Books
 g - a book of Air
   (You found it on level 10 of the Dungeon)
 x - a book of Callings
   (You found it on level 7 of the Dungeon)
 N - a book of Power
   (You found it on level 11 of the Dungeon)
Miscellaneous
 C - a sack of spiders


   Skills:
 + Level 11.0 Fighting
 - Level 3.1 Polearms
 - Level 6.2 Dodging
 - Level 1.5 Stealth
 * Level 7.1 Shields
 - Level 10.3 Spellcasting
 - Level 12.5 Necromancy
 - Level 3.0 Evocations


You had 14 spell levels left.
You knew the following spells:

 Your Spells              Type           Power        Failure   Level  Hunger
a - Pain                  Necr           ####         1%          1    N/A
b - Vampiric Draining     Necr           ######....   1%          3    N/A
c - Control Undead        Necr           ######....   1%          4    N/A
d - Animate Dead          Necr           N/A          1%          4    N/A
e - Corpse Rot            Necr           N/A          1%          2    N/A
A - Animate Skeleton      Necr           N/A          1%          1    N/A
C - Swiftness             Chrm/Air       ##......     21%         2    N/A

Dungeon Overview and Level Annotations

Branches:
Dungeon (11/15)            Temple (1/1) D:5            Lair (6/6) D:10
 Spider (0/4) Lair:4        Slime (0/5) Lair:6          Orc (2/2) D:11
    Elf (0/3) Orc:2
  Swamp: Lair:2-4    Shoals: Lair:2-4

Altars:
Ashenzari
Cheibriados
Dithmenos
Elyvilon
Fedhas
Gozag
Hepliaklqana
Kikubaaqudgha
Makhleb
Nemelex Xobeh
Okawaru
Qazlal
Ru
Sif Muna
Trog
Uskayaw
Vehumet
Xom
Yredelemnul
Zin
The Shining One

Shops:
D:10 :

Annotations:
D:3 1 runed door
D:4 phantom!
D:6 Sigmund
D:7 destino's ghost, novice OpTm
D:8 1 exclusion
D:11 Cupidatis's ghost, journeyman DEAE; Erolcha
Temple phantom!
Lair:1 exclusion: komodo dragon
Lair:4 exclusions: oklob plant and orb spider, Rupert
Lair:5 exclusions: downstairs and 2 oklob plants
Lair:6 exclusion: catoblepas


Innate Abilities, Weirdness & Mutations

You do not eat or drink.
Your flesh is vulnerable to fire.
You are immune to poison.
Your flesh is cold resistant. (rC+)
You are immune to negative energy. (rN+++)
You are immune to unholy pain and torment.
You can survive without breathing.


Message History

Press: ? - help, Shift-Dir - straight line Nothing appears to happen.
Something hits you but does no damage.
A wolf comes into view.
Casting: Pain
Confirm with . or Enter, or press ? or * to list all spells.
Aiming: Pain
Press: ? - help, Shift-Dir - straight line Nothing appears to happen.
The wolf moves out of view.
Something hits you but does no damage. x2
Casting: Pain
Confirm with . or Enter, or press ? or * to list all spells.
Aiming: Pain
Press: ? - help, Shift-Dir - straight line Kikubaaqudgha accepts your kill.
Reactivating autopickup.
The wolf dissolves into shadows! x4; You feel a bit more experienced.
Nothing appears to happen.
You block the spriggan rider's attack.
A komodo dragon comes into view.
A wolf comes into view.
The komodo dragon hisses angrily.
The wolf howls!
You hit the wolf. The wolf completely misses you.
The spriggan rider hits you from afar with a spear!
You block the wolf's attack.
You miss the wolf. You block the wolf's attack.
The spriggan rider hits you but does no damage.
You puncture the wolf!
You feel better. You block the wolf's attack. x2
The spriggan rider hits you but does no damage.
You closely miss the wolf. The wolf bites you! You block the wolf's attack.
The spriggan rider hits you but does no damage.
You hit the wolf. You block the wolf's attack. The spriggan rider misses you.
The wolf stops to sniff the ground.
The wolf closely misses you.
You closely miss the wolf. The wolf closely misses you.
The spriggan rider hits you from afar with a spear!
A spriggan comes into view. It is wielding a dagger of venom.
The spriggan shouts!
You puncture the wolf!
You feel better.
You kill the wolf!
Kikubaaqudgha accepts your kill.
The spriggan rider hits you from afar with a spear.
Casting: Pain
Confirm with . or Enter, or press ? or * to list all spells.
Aiming: Pain
Press: ? - help, Shift-Dir - straight line, f - spriggan rider
Aim: a spriggan rider, wielding a spear (chance to defeat MR: 21%)
The spriggan rider writhes in agony!
You block the spriggan rider's attack.
Casting: Pain
Confirm with . or Enter, or press ? or * to list all spells.
Aiming: Pain
Press: ? - help, Shift-Dir - straight line, f/p - spriggan rider
Aim: a spriggan rider, wielding a spear (lightly wounded, chance to defeat MR: 21%)
The spriggan rider resists with almost no effort.
The spriggan rider hits you from afar with a spear!
You hear a howl!
Evoke which item? (* to show all) (? for menu, Esc to quit)
Aiming: Paralyse
Press: ? - help, Shift-Dir - straight line, f/p - spriggan rider
Aim: a spriggan rider, wielding a spear (lightly wounded, chance to defeat MR: 3%)
Okay, then.
Casting: Pain
Confirm with . or Enter, or press ? or * to list all spells.
You call on the dead to rise...
Nothing appears to happen.
You hear a howl!
The spriggan rider closely misses you.
A wolf comes into view.
The wolf howls!
The spriggan rider hits you with a spear!!
Casting: Animate Dead
Confirm with . or Enter, or press ? or * to list all spells.
Aiming: Vampiric Draining
Press: ? - help, Shift-Dir - straight line, f/p - spriggan rider
Aim: a spriggan rider, wielding a spear You feel life coursing into your body.
The spriggan rider hits you with a spear!
Casting: Vampiric Draining
Confirm with . or Enter, or press ? or * to list all spells.
You don't have enough magic to cast that spell.
Unknown command.
The spriggan rider misses you.
A wolf comes into view.
The spriggan rider barely misses you.
The spriggan rider hits you from afar with a spear!!
* * * LOW HITPOINT WARNING * * *
Okay, then.
Unknown command.
Evoke which item? (* to show all) (? for menu, Esc to quit)
Aiming: Polymorph (will waste charges)
Press: ? - help, Shift-Dir - straight line, f/p - spriggan rider
Aim: a spriggan rider, wielding a spear (lightly wounded, chance to defeat MR: 3%)
Okay, then.
Unknown command.
You can't drink.
Okay, then.
As you read the scroll of teleportation, it crumbles to dust.
You feel strangely unstable.
The spriggan rider hits you from afar with a spear!
* * * LOW HITPOINT WARNING * * *
The spriggan rider hits you from afar with a spear!
You die...
Kikubaaqudgha rasps: "You have failed me!
Welcome... oblivion!"

♣..♣♣♣..♣♣
♣♣♣♣♣hh.)...♣
♣♣♣♣.h..i.......
♣♣♣♣♣....♣♣♣♣♣♣♣♣♣..
♣♣......h♣♣ .
♣♣♣....#i..♣ ♣♣♣
♣♣......hiP.♣
#♣.♣♣♣♣♣♣♣...........♣
...#♣...........@..##♣
....##..............#
.....##..........####
...#.##P..........##
......###..........##
..................#.##
.................###.#
..............(.##
##.# ................#
#.#


You could see a spriggan rider, a spriggan and 3 wolves.

Vanquished Creatures
  A centaur warrior (D:10)
  A two-headed ogre (D:9)
  A fire crab (Lair:5)
  A manticore (D:10)
  4 elephants
  2 black mambas (Lair:5)
  11 spiny frogs
  3 komodo dragons
  3 polar bears
  10 blink frogs
  2 hornets
  Prince Ribbit (D:6)
  6 hippogriffs
  3 hogs (D:9)
  2 basilisks
  7 yaks (Lair:1)
  4 spriggans
  A human (D:9)
  2 hungry ghosts
  A steam dragon (D:10)
  3 wargs
  An acid dragon (D:10)
  10 water moccasins
  4 porcupines
  3 orc warriors
  3 sky beasts
  3 black bears
  A necrophage (D:11)
  2 ice beasts
  2 boggarts (Lair:6)
  6 ogres
  2 phantoms
  14 wolves
  3 centaurs
  3 crocodiles
  A big kobold (D:3)
  10 bullfrogs
  2 scorpions
  3 killer bees (D:8)
  4 wights (D:9)
  2 electric eels (Lair:5)
  2 howler monkeys
  The ghost of sheala the Sneak, a weakling DEEn (D:4)
  4 hounds
  A gnoll shaman (D:7)
  10 orc priests
  6 jellies
  A centaur skeleton (D:11)
  9 orc wizards
  Terence (D:2)
  5 iguanas
  6 worker ants
  A killer bee zombie (D:6)
  A hound zombie (D:10)
  A howler monkey zombie (D:10)
  A hound skeleton (D:8)
  A worker ant zombie (D:5)
  14 adders
  7 gnolls
  A shadow imp (D:8)
  3 oozes
  An adder skeleton (D:6)
  An adder zombie (D:6)
  3 worms
  2 dart slugs
  6 leopard geckos
  27 orcs
  A ball python (D:1)
  A bat zombie (D:5)
  6 giant cockroaches
  8 goblins
  5 hobgoblins
  11 jackals
  4 quokkas
  4 bats
  6 frilled lizards
  2 jackal zombies
  21 kobolds
  A leopard gecko skeleton (D:8)
  13 rats
  2 rat zombies (D:5)
349 creatures vanquished.

Vanquished Creatures (collateral kills)
  An acid blob (Lair:6)
  A death yak (Lair:5)
  8 elephants (Lair:5)
  2 black mambas
  A komodo dragon (Lair:2)
  A hornet (D:10)
  2 blink frogs (Lair:5)
  2 hippogriffs
  3 porcupines
  3 water moccasins
  An orc warrior (Orc:1)
  A black bear (Lair:5)
  A phantom (D:8)
  A crocodile (Lair:4)
  A bullfrog (Lair:5)
  A wyvern zombie (D:10)
  A scorpion (Lair:1)
  A wyvern skeleton (D:10)
  A wight (D:9)
  A howler monkey (D:9)
  A crimson imp (D:10)
  A centaur skeleton (D:8)
  A hound zombie (D:10)
  A hound skeleton (D:10)
  A worker ant zombie (D:9)
  A shadow imp (D:5)
  An adder zombie (D:9)
  2 orcs
  A bat (D:3)
  A goblin (D:2)
  A fungus (Lair:5)
46 creatures vanquished.

Vanquished Creatures (others)
  A bush (Lair:6)
  10 fungi
  21 plants
32 creatures vanquished.

Grand Total: 427 creatures vanquished

Notes
Turn   | Place    | Note
-------+----------+-------------------------------------------
     0 | D:1      | RKaid the Mummy Necromancer began the quest for the Orb.
     0 | D:1      | Reached XP level 1. HP: 13/13 MP: 4/4
     2 | D:1      | Learned a level 1 spell: Animate Skeleton
   221 | D:1      | Reached skill level 3 in Spellcasting
   382 | D:1      | Reached XP level 2. HP: 20/20 MP: 1/6
   748 | D:1      | Reached skill level 1 in Fighting
   931 | D:1      | Reached XP level 3. HP: 26/26 MP: 5/7
   936 | D:1      | Learned a level 3 spell: Vampiric Draining
  1601 | D:2      | Reached XP level 4. HP: 30/32 MP: 2/9
  1725 | D:2      | Found a bloodstained altar of Trog.
  1975 | D:2      | Noticed Terence
  1983 | D:2      | Killed Terence
  1983 | D:2      | Reached skill level 5 in Necromancy
  2127 | D:2      | Reached skill level 4 in Spellcasting
  2189 | D:2      | Learned a level 4 spell: Control Undead
  2848 | D:3      | Found a blossoming altar of Fedhas.
  2882 | D:3      | Reached XP level 5. HP: 38/38 MP: 6/11
  3375 | D:3      | Reached skill level 2 in Fighting
  3534 | D:3      | Found a runed door.
  3777 | D:4      | Learned a level 4 spell: Animate Dead
  3850 | D:4      | Reached XP level 6. HP: 46/46 MP: 9/13
  4093 | D:4      | Reached skill level 6 in Necromancy
  4420 | D:4      | Noticed sheala's ghost (weakling DEEn)
  4469 | D:4      | Killed sheala's ghost
  4839 | D:4      | Reached skill level 5 in Spellcasting
  5015 | D:5      | Entered Level 5 of the Dungeon
  5176 | D:4      | Reached skill level 3 in Fighting
  5458 | D:5      | Noticed a sky beast
  5600 | D:5      | Reached XP level 7. HP: 22/52 MP: 13/15
  5989 | D:5      | Reached skill level 7 in Necromancy
  6292 | D:5      | Reached skill level 4 in Fighting
  6418 | D:5      | Reached skill level 6 in Spellcasting
  6712 | D:5      | Reached XP level 8. HP: 39/60 MP: 2/17
  6864 | D:5      | Reached skill level 8 in Necromancy
  6952 | D:5      | Found a staircase to the Ecumenical Temple.
  6961 | Temple   | Entered the Ecumenical Temple
  7480 | D:5      | Found a basalt altar of Yredelemnul.
  7613 | D:5      | Found an ancient bone altar of Kikubaaqudgha.
  7631 | D:5      | Became a worshipper of Kikubaaqudgha
  7922 | D:6      | Found a sacrificial altar of Ru.
  7943 | D:6      | Found a bloodstained altar of Trog.
  7967 | D:6      | Noticed Sigmund
  8006 | D:6      | Noticed Prince Ribbit
  8549 | D:6      | Killed Prince Ribbit
  8549 | D:6      | Reached skill level 5 in Fighting
  8549 | D:6      | Reached skill level 7 in Spellcasting
  8758 | D:7      | Reached skill level 9 in Necromancy
  8937 | D:7      | Found a stormy altar of Qazlal.
  9231 | D:7      | Reached XP level 9. HP: 53/68 MP: 12/20
  9731 | D:7      | Noticed destino's ghost (novice OpTm)
 10162 | D:7      | Reached skill level 6 in Fighting
 10272 | D:8      | Reached * piety under Kikubaaqudgha
 10272 | D:8      | Identified Kikubaaqudgha's Tome of Evil Arts (Kikubaaqudgha gifted it to you on level 8 of the Dungeon)
 10272 | D:8      | Received a gift from Kikubaaqudgha
 10283 | D:8      | Learned a level 2 spell: Corpse Rot
 10291 | D:8      | Found a sparkling altar of Nemelex Xobeh.
 10437 | D:8      | Reached skill level 8 in Spellcasting
 10722 | D:8      | Reached skill level 10 in Necromancy
 11218 | D:8      | Noticed a two-headed ogre
 12349 | D:9      | Reached skill level 2 in Dodging
 12445 | D:9      | Reached skill level 1 in Evocations
 12598 | D:8      | Reached skill level 7 in Fighting
 12751 | D:9      | Found a shadowy altar of Dithmenos.
 12752 | D:9      | Noticed a two-headed ogre
 12944 | D:9      | Reached XP level 10. HP: 71/79 MP: 6/22
 13050 | D:9      | Reached skill level 2 in Evocations
 13319 | D:9      | Killed a two-headed ogre
 13319 | D:9      | Reached skill level 3 in Dodging
 13563 | D:9      | Noticed a two-headed ogre
 13565 | D:10     | Entered Level 10 of the Dungeon
 13567 | D:10     | Found Owipo's Book Shoppe.
 13583 | D:10     | Found a staircase to the Lair.
 13658 | D:10     | HP: 11/79 [warg (11)]
 14329 | D:10     | Got an iridescent war axe
 14607 | D:10     | Reached skill level 8 in Fighting
 15071 | D:10     | Noticed a manticore
 15076 | D:10     | HP: 17/80 [manticore (16)]
 15078 | D:10     | HP: 4/80 [manticore (12)]
 15079 | D:10     | Killed a manticore
 15079 | D:10     | Reached skill level 4 in Dodging
 15079 | D:10     | Reached skill level 11 in Necromancy
 15538 | D:10     | Noticed a centaur warrior
 15606 | D:10     | Killed a centaur warrior
 15698 | D:10     | Got a flickering brass amulet
 15848 | D:10     | Got an ichor-stained spear
 16019 | Lair:1   | Entered Level 1 of the Lair of Beasts
 16297 | Lair:1   | Noticed a spiny frog
 16694 | D:10     | Learned a level 2 spell: Swiftness
 16736 | D:11     | Found an opulent altar of Gozag.
 16752 | D:11     | Reached skill level 5 in Dodging
 16955 | D:11     | Noticed Erolcha
 17153 | D:10     | Reached XP level 11. HP: 70/87 MP: 8/23
 17322 | Lair:1   | HP: 13/87 [komodo dragon (21)]
 17323 | Lair:1   | Reached skill level 9 in Fighting
 18428 | Lair:1   | Identified the +7 spear of a labyrinth {vamp, rPois rN+ Int+4} (You found it on level 10 of the Dungeon)
 18429 | Lair:1   | Identified the +7 war axe of Infinity {antimagic, *Contam rC+ Int+2} (You found it on level 10 of the Dungeon)
 18653 | Lair:1   | Reached skill level 3 in Evocations
 19002 | Lair:1   | You fall through a shaft!
 19520 | Lair:2   | HP: 10/89 [komodo dragon (34)]
 19811 | Lair:1   | Reached skill level 1 in Polearms
 20442 | Lair:2   | Reached skill level 12 in Necromancy
 20832 | Lair:3   | Reached skill level 6 in Dodging
 21061 | Lair:3   | Reached skill level 2 in Polearms
 22240 | Lair:3   | Noticed a four-headed hydra
 22399 | Lair:3   | Reached skill level 3 in Polearms
 22774 | Lair:4   | Reached skill level 10 in Fighting
 22829 | Lair:4   | Noticed an oklob plant
 23113 | Lair:4   | Found a hole to the Spider Nest.
 23113 | Lair:4   | Noticed an orb spider
 23249 | Lair:4   | Reached skill level 1 in Shields
 23445 | Lair:4   | Reached skill level 2 in Shields
 23463 | Lair:4   | Reached ** piety under Kikubaaqudgha
 23476 | Lair:4   | HP: 20/90 [blink frog (6)]
 23803 | Lair:4   | Reached XP level 12. HP: 69/97 MP: 9/24
 24007 | Lair:4   | Noticed Rupert
 24224 | Lair:5   | Reached skill level 3 in Shields
 24334 | Lair:5   | Noticed a death yak
 24374 | Lair:5   | Identified the amulet of Afolonnyt {rElec rPois rC+ Regen+} (You found it on level 10 of the Dungeon)
 24779 | Lair:5   | Reached skill level 4 in Shields
 24779 | Lair:5   | Reached skill level 9 in Spellcasting
 25209 | Lair:5   | Reached skill level 5 in Shields
 25469 | Lair:5   | Identified 2 scrolls of acquirement
 25470 | Lair:5   | Got a dazzling buckler
 25481 | Lair:5   | Identified the +3 buckler of the Learner {-Cast rElec Int+9 SInv} (You acquired it on level 5 of the Lair of Beasts)
 25659 | Lair:5   | Noticed a death yak
 25683 | Lair:5   | Noticed a death yak
 25685 | Lair:5   | Killed a death yak
 25688 | Lair:5   | Noticed a death yak
 25688 | Lair:5   | Noticed a death yak
 25819 | D:11     | Found a staircase to the Orcish Mines.
 25857 | D:11     | Noticed Cupidatis's ghost (journeyman DEAE)
 25918 | Orc:1    | Entered Level 1 of the Orcish Mines
 26465 | Orc:2    | Entered Level 2 of the Orcish Mines
 26507 | Orc:2    | Found a staircase to the Elven Halls.
 26972 | Lair:5   | Reached skill level 10 in Spellcasting
 26984 | Lair:5   | Reached skill level 6 in Shields
 27388 | Lair:6   | Entered Level 6 of the Lair of Beasts
 27417 | Lair:6   | Noticed a six-headed hydra
 27467 | Lair:6   | Found a staircase to the Slime Pits.
 27575 | Lair:6   | Noticed an acid blob
 27588 | Lair:6   | Killed an acid blob
 27763 | Lair:6   | Noticed a four-headed hydra
 28429 | Lair:6   | Noticed a catoblepas
 28477 | Lair:6   | Reached skill level 11 in Fighting
 28496 | Lair:6   | Reached skill level 7 in Shields
 28666 | Lair:6   | HP: 11/100 [spriggan rider/spear (26)]
 28667 | Lair:6   | HP: 4/100 [spriggan rider/spear (7)]
 28669 | Lair:6   | Mangled by a spriggan rider

Skill      XL: |  1  2  3  4  5  6  7  8  9 10 11 12 |
---------------+-------------------------------------+-----
Spellcasting   | 3 4 5 6 7 8 10 | 10.3
Fighting       | 1 2 3 4 5 7 8 10 11 | 11.0
Necromancy     | 5 6 7 9 10 11 12 | 12.5
Dodging        | 2 5 6 |  6.2
Evocations     | 1 2 3 |  3.0
Polearms       | 3 |  3.1
Shields        | 2 7 |  7.1
Stealth        | |  1.5

Action                   |  1- 3 |  4- 6 |  7- 9 | 10-12 || total
-------------------------+-------+-------+-------+-------++-------
Melee: Spear             |    14 |    56 |   240 |   286 ||   596
       Dagger            |       |    17 |    37 |    16 ||    70
       Trident           |       |       |       |   114 ||   114
 Fire: Blowgun           |       |       |     6 |     3 ||     9
Throw: Tomahawk          |       |    10 |     2 |     6 ||    18
       Stone             |       |       |       |     1 ||     1
 Cast: Pain              |    66 |   134 |   291 |   592 ||  1083
       Animate Skeleton  |    16 |    25 |    22 |    18 ||    81
       Vampiric Draining |       |     2 |    38 |   117 ||   157
       Control Undead    |       |     1 |     5 |     1 ||     7
       Animate Dead      |       |       |     4 |    51 ||    55
       Swiftness         |       |       |       |     1 ||     1
Invok: Receive Corpses   |       |       |     3 |    12 ||    15
Evoke: Wand              |       |       |     4 |    25 ||    29
       Sack of spiders   |       |       |       |     1 ||     1
  Use: Scroll            |     3 |     5 |    13 |    15 ||    36
 Stab: Sleeping          |     1 |       |     1 |     1 ||     3
       Paralysed         |       |       |     1 |    18 ||    19
       Distracted        |       |       |       |     3 ||     3
Armor: Robe              |     4 |       |       |   213 ||   217
       Ring mail         |     2 |    29 |    95 |    24 ||   150
       Leather armour    |       |       |    52 |       ||    52
       Steam dragon scal |       |       |       |     4 ||     4
Dodge: Dodged            |    20 |    45 |   220 |   469 ||   754
Block: Shield            |       |       |       |   192 ||   192

Table legend:
 A = Turns spent in this place as a percentage of turns spent in the entire game.
 B = Non-inter-level travel turns spent in this place as a percentage of non-inter-level travel turns spent in the entire game.
 C = Inter-level travel turns spent in this place as a percentage of turns spent in this place.
 D = Turns resting spent in this place as a percentage of non-inter-level travel turns spent in this place.
 E = Turns spent auto-exploring this place as a percentage of non-inter-level travel turns spent in this place.
 F = Non-inter-level travel turns spent in this place divided by the number of levels of this place that you've seen.
                   A       B       C       D       E      F
               +-------+-------+-------+-------+-------+----------------------
         Total | 100.0 | 100.0 |   0.5 |   4.9 |   2.0 | 516.6
       Dungeon |  58.5 |  58.5 |   0.5 |   5.4 |   2.3 | 549.3
        Temple |   0.4 |   0.4 |   2.3 |   4.7 |  34.9 |  43.0
          Lair |  38.5 |  38.5 |   0.4 |   4.2 |   1.3 | 663.5
  Orcish Mines |   2.6 |   2.6 |   0.4 |   3.8 |   1.1 | 133.0
               +-------+-------+-------+-------+-------+----------------------

Table legend:
 A = Kills in this place as a percentage of kills in entire the game.
 B = Kills by you in this place as a percentage of kills by you in the entire game.
 C = Kills by friends in this place as a percentage of kills by friends in the entire game.
 D = Other kills in this place as a percentage of other kills in the entire game.
 E = Experience gained in this place as a percentage of experience gained in the entire game.
 F = Experience gained in this place divided by the number of levels of this place that you have seen.
                   A       B       C       D       E      F
               +-------+-------+-------+-------+-------+----------------------
         Total | 100.0 | 100.0 | 100.0 | 100.0 | 100.0 | 1896.7
       Dungeon |  65.3 |  68.8 |  37.8 | 100.0 |  28.3 | 974.3
          Lair |  31.9 |  28.3 |  60.0 |   0.0 |  69.1 | 4371.2
  Orcish Mines |   2.8 |   2.9 |   2.2 |   0.0 |   2.6 | 494.5
               +-------+-------+-------+-------+-------+----------------------
